Ranoo, chaotic male elven Ranger ------------------ ---------................--------- -------..........................(....+------- ------..........................................*.------ ----............................Wfdd.f....................---- ---...........+....................a@oa.............=..........- ---.........................%...d..u.GfOB.......................` --- ---.......................p............h......@........................--- |.........................f..........Y.r.M.oo............................| |...%...........p......................<....S..........l....e............| |....................p.......................S...........................| ---.............(.....................p.......q........................--- ---.....................................................%........>[--- ---..?.....................%................S........./........--- ----.................................................!!..!---- ------........................................`...------ -------....?...........................------- ---------................--------- ------------------ Ranoo the Trailblazer Experience level: 9 Strength: 18 Dexterity: 13 Constitution: 16 Intelligence: 14 Wisdom: 15 Charisma: 8 Health: 0(73) Energy: 69(69) Def: 20 Gold: 3661 Moves: 17991 Dungeon seed: qWm06_c5KjDZoCNF Game ID: Ranoo_1647662022 Your Inventory: Amulets a - an uncursed amulet of reflection (being worn) Weapons d - a blessed +0 spear (alternate weapon; not wielded) e - a blessed +1 elven bow (weapon in hand) M - 50 uncursed +2 elven arrows P - 36 uncursed +0 elven arrows Q - 48 uncursed +0 arrows (in quiver) Armor b - an uncursed +2 elven cloak (being worn) g - an uncursed +0 dwarvish mithril-coat (being worn) n - an uncursed +0 dwarvish iron helm (being worn) K - an uncursed +0 elven shield (being worn) O - an uncursed +0 pair of iron shoes (being worn) Comestibles i - an uncursed tin of female kobold meat l - an uncursed female lizard corpse m - an uncursed cram ration A - 3 uncursed food rations R - 3 uncursed tripe rations Scrolls t - 3 uncursed scrolls of teleportation Potions y - an uncursed potion of healing H - an uncursed potion of extra healing N - an uncursed potion of full healing Z - a blessed potion of extra healing Rings f - an uncursed ring of shock immunity h - an uncursed ring of stealth j - an uncursed ring of warning o - an uncursed ring of poison immunity p - a cursed +1 ring of searching r - a cursed ring of polymorph control v - an uncursed ring of regeneration (on left hand) G - an uncursed ring of teleport control Wands C - a blessed wand of teleportation (0:7) E - an uncursed wand of digging (0:7) J - an uncursed wand of undead turning (0:6) S - an uncursed wand of slow monster (0:6) Y - a cursed wand of make invisible (0:6) Tools k - an uncursed skeleton key s - an uncursed stethoscope w - an uncursed magic whistle x - an uncursed +0 pick-axe Coins $ - 3661 gold pieces Spells and supernatural/magical abilities: Name Level Category Cost Memory h - healing 1 healing 100pw 75% W - pray for help -- divine ? -- Your skills at the end: Fighting Skills wands [Basic] Weapon Skills dagger [Basic] spear [Skilled] bow [Expert] Spellcasting Skills Final Attributes: You were piously aligned. You were cold resistant. You were immune to sleep. You saw invisible. You were telepathic. You had automatic searching. You had infravision. You were stealthy. You regenerated. You were protected. You had reflection. You were lucky. Mars favoured you extremely deeply. You are dead. Vanquished creatures: 2 giant mimics 2 large mimics a water elemental 2 wargs 2 small mimics 2 ettin mummies 2 large dogs a dwarf king 3 tengu 2 ochre jellies a stone giant an elf mummy a human mummy a python a carnivorous ape an ettin zombie an incubus 2 chameleons a quivering blob a cockatrice 2 winter wolf cubs a panther a spotted jelly 43 leprechauns 2 orc-captains 3 iron piercers a horse an ice vortex a forest centaur 2 gnome kings a dwarf mummy a brown pudding 3 owlbears 4 yetis a gold golem a lizard 2 dogs 3 dingos 4 jaguars a dwarf lord 2 blue jellies 2 ravens a gnome mummy 4 apes a rope golem 4 soldier ants 2 fire ants a bugbear a quasit a wood nymph a water nymph 11 Mordor orcs 4 Uruk-hai 2 orc shamans 7 rock piercers 5 rock moles 9 ponies a fog cloud 5 yellow lights 2 shriekers a violet fungus 14 gnome lords 6 gnomish wizards a kobold mummy a guardian naga hatchling 2 gray oozes 2 elf zombies a ghoul a straw golem 3 paper golems 2 baby crocodiles 8 giant ants 2 little dogs 11 floating eyes 5 kittens 13 dwarves 5 kobold lords 14 hill orcs 15 rothes 4 rabid rats 2 centipedes 4 giant bats a monkey 10 orc zombies 3 dwarf zombies 3 werejackals 13 iguanas 23 killer bees 4 acid blobs 13 coyotes 2 hobbits 5 large kobolds 10 hobgoblins 12 giant rats 8 cave spiders 3 brown molds 4 yellow molds 2 green molds 2 red molds 37 gnomes 8 garter snakes 7 gnome zombies 12 geckos 13 jackals 6 foxes 4 kobolds 5 goblins 8 sewer rats 18 grid bugs 8 bats 10 lichens 5 kobold zombies 17 newts 567 creatures vanquished. Genocided species: trappers 1 species genocided. Voluntary challenges: You had been an atheist until turn 3363. You used a wielded weapon 164 times, starting on turn 3807. You had been a pacifist until turn 3439. You read items or engraved 21 times, starting on turn 2890. You genocided 1 type of monster, starting on turn 7851. You never polymorphed an object. You never changed form. You used no wishes. You never split a pudding. You wrote Elbereth's name 12 times, starting on turn 3095. You violated your moral code, losing 156 points of alignment, starting on turn 9586. Dungeon overview: The Dungeons of Doom: levels 1 to 10 Level 1 a long staircase Level 2 a general store, a sink Level 3 a scroll shop, a fountain stairs to The Gnomish Mines Level 4 some fountains, a vault Level 5 a fountain Level 6 Level 7 an altar to Mars Level 8 Level 9 many fountains Level 10 <- You were here stairs to Sokoban The Gnomish Mines: levels 4 to 8 Level 4 stairs to The Dungeons of Doom Level 5 Level 6 Level 7 many shops, a temple to Mars, some fountains Level 8 Sokoban: levels 6 to 9 Level 6 Solved Level 7 Solved Level 8 Solved Level 9 Solved stairs to The Dungeons of Doom History has recorded: On T:1 you entered the Dungeons of Doom to retrieve the Amulet of Yendor! On T:128 you reached level 2 of The Dungeons of Doom. On T:739 you reached level 3 of The Dungeons of Doom. On T:1149 you reached level 1 of The Gnomish Mines. On T:1214 you reached level 4 of The Dungeons of Doom. On T:3069 you reached level 2 of The Gnomish Mines. On T:3221 you reached level 3 of The Gnomish Mines. On T:3291 you reached level 4 of The Gnomish Mines. On T:3486 you advanced to experience level 2. On T:3555 you advanced to experience level 3. On T:3646 you reached level 5 of The Gnomish Mines. On T:3851 you advanced to experience level 4. On T:4616 you advanced to experience level 5. On T:6397 you advanced to experience level 6. On T:6559 you reached level 5 of The Dungeons of Doom. On T:6619 you reached level 6 of The Dungeons of Doom. On T:7666 you advanced to experience level 7. On T:7742 you reached level 7 of The Dungeons of Doom. On T:7851 you genocided trappers. On T:8731 you reached level 8 of The Dungeons of Doom. On T:8812 you reached level 9 of The Dungeons of Doom. On T:9270 you advanced to experience level 8. On T:11341 you reached level 10 of The Dungeons of Doom. On T:12039 you reached level 4 of Sokoban. On T:12487 you reached level 3 of Sokoban. On T:13096 you advanced to experience level 9. On T:13305 you reached level 2 of Sokoban. On T:15164 you reached level 1 of Sokoban. Score breakdown: Gold: 3661 (12122 points) Experience: 9 levels (15756 points) Exploration: 10 levels ( 21.74%) (13416 points) Discoveries: 60 items ( 20.34%) (13529 points) Valuables value: (no points given unless you survive) Artifact value: 0 ( 0 points) Variety of kills: 113 monsters ( 29.74%) (16359 points) Turncount: 17991 turns (-3246 points) Survival: died (score multiplied by 80%) Total score: 54348 Latest messages: The soldier ant bites Leo. The soldier ant misses Leo. Leo misses the soldier ant. You shoot 3 arrows. The 1st arrow hits the soldier ant! The 2nd arrow hits the soldier ant! The 3rd arrow hits the soldier ant! Leo bites the soldier ant. The soldier ant misses Leo. (2x) The dog misses the hill orc. Rigel misses the soldier ant. The housecat misses the soldier ant. The gnome king hits! The jaguar hits! (2x) The jaguar misses. The hill orc hits! The soldier ant bites the housecat. The soldier ant misses the housecat. The housecat misses the soldier ant. The soldier ant bites Leo. The soldier ant misses Leo. Leo bites the soldier ant. The ogre swings his club at you. The ogre hits! You die... Final status: Goodbye Ranoo the Ranger, killed by an ogre... You died in The Dungeons of Doom on dungeon level 10 with 54348 points, and 3661 pieces of gold, after 17991 moves. You were level 9 with a maximum of 73 hit points when you died.